 Dungeon Crawl Stone Soup version 0.24.0-10-g970556be89 (webtiles) character file.

Game seed: 1780148733956467280, levelgen mode: deterministic

368 zkyp the Chopper (level 6, -4/51 HPs)
             Began as a Centaur Chaos Knight on Nov 3, 2019.
             Was a Plaything of Xom.
             Slain by Dowan the wolf spider (glowing shapeshifter) (10 damage)
             ... on level 4 of the Dungeon.
             The game lasted 00:03:22 (3600 turns).

zkyp the Chopper (Centaur Chaos Knight)             Turns: 3600, Time: 00:03:22

Health: -4/51      AC:  7    Str: 16    XL:     6   Next: 41%
Magic:  6/6        EV:  9    Int: 11    God:    Xom [..*...]
Gold:   143        SH:  0    Dex: 11    Spells: 5/5 levels left

rFire    . . .     SeeInvis .   a - +0 hand axe (chaos)
rCold    . . .     Gourm    .   (no shield)
rNeg     . . .     Faith    .   b - +2 leather armour
rPois    .         Spirit   .   (no helmet)
rElec    .         Reflect  .   p - +0 cloak
rCorr    .         Harm     .   (no gloves)
MR       .....                  (no barding)
Stlth    +.........             (no amulet)
HPRegen  0.17/turn              (no ring)
MPRegen  0.10/turn              e - +2 ring of dexterity

@: hasted, lightly drained, very quick
A: large, hooves 3, deformed body, speed 2, tough skin 3
a: Renounce Religion


You were on level 4 of the Dungeon.
You worshipped Xom.
You were a toy of Xom.
You were not hungry.

You visited 1 branch of the dungeon, and saw 4 of its levels.

You collected 143 gold pieces.

Inventory:

Hand Weapons
 a - a +0 hand axe of chaos (weapon)
 s - a +2 flail of draining
Missiles
 k - 2 curare-tipped darts (quivered)
Armour
 b - a +2 leather armour (worn)
 p - a +0 cloak (worn)
Jewellery
 e - a +2 ring of dexterity (right hand)
Scrolls
 d - a scroll of fear {unknown}
 l - a scroll of enchant weapon
 m - 2 scrolls of remove curse {@r1}
 o - 3 scrolls of magic mapping {unknown}
 q - a scroll of teleportation
 r - a scroll of blinking {unknown}
Potions
 f - a potion of might
 h - a potion of curing {@q1}
 i - a potion of resistance
 j - a potion of invisibility
 n - a potion of flight
Comestibles
 c - 11 rations


   Skills:
 - Level 3.0(2.8) Fighting
 + Level 6.7(6.5) Axes
 - Level 1.3(1.2) Armour
 - Level 0.6(0.4) Dodging


You had 5 spell levels left.
You didn't know any spells.
Your spell library was empty.

Dungeon Overview and Level Annotations

Branches:
Dungeon (4/15)
 Temple: D:4-7

Altars:

Annotations:
D:4 Dowan, Duvessa


Innate Abilities, Weirdness & Mutations

You have hooves in place of feet.
Armour fits poorly on your strangely shaped body.
You cover ground very quickly.
You have extremely tough skin. (AC +3)


Message History

Dowan the manticore changes into a wolf spider!
Something hits Dowan.
You hit Dowan.
The air around Dowan burns with energy!
You kick Dowan, but do no damage.
Dowan is lightly wounded.
You hit something but do no damage. Dowan hits you! Dowan bites you.
You hear a shout!
You are too injured to fight recklessly!
You are too injured to fight recklessly!
You barely miss Dowan.
Dowan is lightly wounded.
Dowan hits you! Dowan bites you but does no damage. Dowan hits you!
* * * LOW HITPOINT WARNING * * *
Dowan bites you but does no damage.
Okay, then.
Okay, then.
You feel yourself speed up. Something hits you but does no damage.
Dowan hits you!
You die...
Xom cackles wildly!

#### ##### ... ###
#.<.#######.#.....
#.#((.....@s..#
#...#######..##
##.## ..# #.# ..#
#.# ... #.# ....
#.# ..... #.#
#...## ########.#


You could see Dowan the wolf spider shaped shifter.

Vanquished Creatures
  Crazy Yiuf (D:3)
  A hound (D:4)
  An orc priest (D:4)
  Natasha (thrice) (D:3)
  An orc wizard (D:4)
  An iguana (D:4)
  6 adders
  An ooze (D:4)
  2 worms
  A dart slug (D:4)
  2 leopard geckos
  5 orcs
  4 giant cockroaches
  5 goblins
  11 hobgoblins
  5 jackals
  3 kobolds
  A quokka (D:3)
  A ball python (D:1)
  9 bats
  3 frilled lizards
  A leopard gecko skeleton (D:4)
  6 rats
74 creatures vanquished.

Vanquished Creatures (collateral kills)
  A worker ant (D:3)
  A jackal (D:3)
2 creatures vanquished.

Grand Total: 76 creatures vanquished

Notes
Turn   | Place    | Note
-------+----------+-------------------------------------------
     0 | D:1      | zkyp the Centaur Chaos Knight began the quest for the Orb.
     0 | D:1      | Reached XP level 1. HP: 19/19 MP: 1/1
    35 | D:1      | XOM: divination: detect items
    48 | D:1      | Reached skill level 3 in Axes
   361 | D:1      | XOM: butterfly on damage
   368 | D:1      | Reached XP level 2. HP: 18/26 MP: 2/2
   603 | D:1      | XOM: harmless Hex miscast
   660 | D:1      | XOM: harmless Summ miscast
   961 | D:1      | XOM: mild Tmut miscast
  1165 | D:2      | Reached XP level 3. HP: 31/31 MP: 3/3
  1246 | D:2      | Reached skill level 4 in Axes
  1247 | D:2      | XOM: summons 1 hostile demon
  1354 | D:2      | XOM: god gift: 2 curare-tipped darts
  1944 | D:3      | XOM: summons 3 friendly demons
  1955 | D:3      | XOM: god gift: ring mail {god gift}
  1962 | D:3      | Reached XP level 4. HP: 20/38 MP: 4/4
  2257 | D:3      | Reached skill level 5 in Axes
  2366 | D:3      | Found a runed translucent door.
  2367 | D:3      | Noticed Crazy Yiuf
  2444 | D:3      | XOM: god gift: 5 rations
  2561 | D:3      | Noticed Natasha
  2570 | D:3      | Killed Natasha
  2570 | D:3      | Reached XP level 5. HP: 33/45 MP: 5/5
  2599 | D:3      | XOM: silly message
  2634 | D:3      | XOM: god gift: thin jewelled staff {god gift}
  2799 | D:3      | Killed Crazy Yiuf
  3034 | D:3      | Noticed Natasha
  3045 | D:3      | Killed Natasha
  3094 | D:3      | Noticed Natasha
  3104 | D:3      | Killed Natasha
  3146 | D:3      | XOM: god gift: thin jewelled staff {god gift}
  3222 | D:3      | XOM: god gift: scale mail {god gift}
  3330 | D:4      | Reached skill level 6 in Axes
  3334 | D:4      | Reached XP level 6. HP: 42/51 MP: 6/6
  3338 | D:4      | XOM: summons 2 friendly demons
  3349 | D:4      | XOM: polymorph quasit -> crimson imp
  3556 | D:4      | XOM: harmless Tloc miscast
  3572 | D:4      | Noticed Dowan
  3576 | D:4      | Noticed Duvessa
  3578 | D:4      | Noticed Dowan
  3578 | D:4      | Dowan changed into Dowan the glowing shapeshifter
  3578 | D:4      | Noticed Dowan
  3578 | D:4      | Dowan the glowing shapeshifter changed into Dowan the
                  | snapping turtle
  3583 | D:4      | Noticed Dowan
  3583 | D:4      | Dowan the snapping turtle changed into Dowan the floating
                  | eye
  3588 | D:4      | Noticed Dowan
  3588 | D:4      | Dowan the floating eye changed into Dowan the shining eye
  3592 | D:4      | Noticed Dowan
  3592 | D:4      | Dowan the shining eye changed into Dowan the manticore
  3595 | D:4      | Noticed Dowan
  3595 | D:4      | Dowan the manticore changed into Dowan the faun
  3596 | D:4      | Noticed Dowan
  3596 | D:4      | Dowan the faun changed into Dowan the manticore
  3597 | D:4      | Noticed Dowan
  3597 | D:4      | Dowan the manticore changed into Dowan the wolf spider
  3600 | D:4      | Slain by Dowan the wolf spider (glowing shapeshifter)

Levels and vault maps discovered:
D:1:      psy_arrival_spokes, layout_basic
D:2:      layout_basic, first_ration
D:3:      layout_loops_ring, chequers_serial_rivers_small_b,
          grunt_ministairs_12, hex_large, uniq_natasha, uniq_crazy_yiuf_cottage
D:4:      layout_loops_ring, uniq_duvessa

Skill      XL: |  1  2  3  4  5 |
---------------+----------------+-----
Axes           | 3 4 5 6 |  6.7
Fighting       | |  3.0
Armour         | |  1.3
Dodging        | |  0.6

Action                   |  1- 3 |  4- 6 || total
-------------------------+-------+-------++-------
Melee: Hand axe          |   127 |   113 ||   240
       Kick              |    19 |    30 ||    49
  Use: Scroll            |     7 |     2 ||     9
       Potion            |       |     1 ||     1
  Eat: Chunk             |     2 |     5 ||     7
Armor: Leather armour    |    84 |    39 ||   123
Dodge: Dodged            |    81 |    32 ||   113
